AoeStats
← [RAT] G0rm

Arena

509153699Analyzed
4v4 RM · 7d ago on Sep 25, 2026· 23m 49s· 8 players
Game mode
Random Map
Map size
Large (8 player)
Population
200
Speed
Normal
Resources
Standard
Victory
Conquest
Starting age
Dark Age
Ending age
Imperial Age
RankedLock teamsTeams togetherTeam positionsShared explorationLock speedFull tech treeHidden civsTurbo modeCheats
Victory
Defeat
🇧🇷 Poles · Brazil
1718
+10
🇧🇷 Cumans · Brazil
1703
+11
🇧🇷 Britons · Brazil
1617
+14
🇩🇪 Armenians · Germany
1534
+18
🇫🇷 Britons · France
1747
-19
🇷🇴 Persians · Romania
1547
-12
🇳🇱 Danes · Netherlands
1543
-12
🇺🇸 Italians · United States
1504
-10
[RAT] Havik_AoE
10:09 Feudal Age
10:20 Man-at-Arms
10:46 Horse Collar
12:18 Loom
14:07 Scale Mail Armor
14:21 Forging
17:49 Double-Bit Axe
21:52 Castle Age
[RAT] G0rm
10:20 Feudal Age
14:06 Castle Age
12:11 Double-Bit Axe
12:31 Horse Collar
14:52 Bow Saw
17:57 Loom
19:55 Wheelbarrow
21:20 Hand Cart
21:49 Heavy Plow
22:18 Scale Barding Armor
Kiddo
8:04 Loom
9:50 Feudal Age
14:02 Castle Age
12:15 Double-Bit Axe
15:04 Bow Saw
15:37 Gold Mining
17:18 Horse Collar
19:30 Wheelbarrow
2rich4u81
7:29 Loom
9:41 Feudal Age
10:17 Double-Bit Axe
13:09 Fletching
20:11 Horse Collar
20:23 Gold Mining
20:25 Stone Mining
Fs.zanatta
9:32 Feudal Age
9:40 Man-at-Arms
10:46 Double-Bit Axe
10:27 Long Swordsman
17:01 Town Watch
18:01 Scale Mail Armor
20:09 Forging
19:57 Horse Collar
23:32 Castle Age
21:56 Gold Mining
22:15 Loom
22:52 Arson
Floripa
9:42 Feudal Age
13:35 Castle Age
11:48 Horse Collar
12:40 Double-Bit Axe
21:03 Gold Mining
21:27 Bow Saw
Fs.Jubileu
11:01 Feudal Age
12:13 Horse Collar
14:39 Castle Age
12:35 Double-Bit Axe
15:45 Bow Saw
20:33 Wheelbarrow
20:03 Heavy Plow
22:38 Gold Mining
22:39 Stone Mining
26:36 Imperial Age
24:23 Hand Cart
Oni.Nego
6:17 Loom
8:21 Feudal Age
9:29 Double-Bit Axe
18:24 Horse Collar
20:21 Wheelbarrow
24:32 Castle Age
Connection lost

Rejoining the realm…

Still unreachable

The connection could not be restored.

Session expired

The server has moved on; the page needs a fresh start.